 Dungeon Crawl Stone Soup version 0.27-a0-59-gfbafd837a3 (webtiles) character file.

Game seed: 3821019553217663700

202 jmlagarto the Slasher (level 5, -9/47 HPs)
             Began as a Minotaur Berserker on Jan 8, 2021.
             Was a Priest of Trog.
             Mangled by a gnoll
             ... wielding a +0 flail
              (15 damage)
             ... on level 3 of the Dungeon.
             The game lasted 00:12:17 (2888 turns).

jmlagarto the Slasher (Minotaur Berserker)          Turns: 2888, Time: 00:12:17

Health: -9/47      AC:  4    Str: 22    XL:     5   Next: 50%
Magic:  4/4        EV: 13    Int:  4    God:    Trog [***...]
Gold:   210        SH:  0    Dex: 10    Spells: 4/4 levels left

rFire    . . .     SeeInvis .   a - +1 falchion
rCold    . . .     Faith    .   (no shield)
rNeg     + . .     Spirit   .   b - +0 animal skin
rPois    .         Reflect  .   (helmet restricted)
rElec    .         Harm     .   g - +0 cloak
rCorr    .         Rampage  .   (no gloves)
Will     .....                  w - +0 pair of boots
Stlth    +.........             (no amulet)
HPRegen  0.15/turn              d - ring of positive energy
MPRegen  0.09/turn              (no ring)

@: no status effects
A: retaliatory headbutt, horns 2
a: Renounce Religion, Berserk, Trog's Hand


You were on level 3 of the Dungeon.
You worshipped Trog.
Trog was most pleased with you.
You visited 1 branch of the dungeon, and saw 3 of its levels.

You collected 210 gold pieces.

Inventory:

Hand Weapons
 a - a +1 falchion (weapon)
 e - a +1 mace of protection
 h - a +0 dagger of venom
 n - a +0 club
Armour
 b - a +0 animal skin (worn)
 g - a +0 cloak (worn)
 w - a +0 pair of boots (worn)
Jewellery
 d - a ring of positive energy (left hand)
 v - an uncursed ring of ice
 x - an uncursed amulet of magic regeneration
Scrolls
 c - 2 scrolls of fog
 k - a scroll of noise {unknown}
 l - a scroll of blinking {unknown}
 p - 3 scrolls of immolation {unknown}
 r - 2 scrolls of magic mapping {unknown}
 t - 2 scrolls of teleportation {unknown}
 y - a scroll of identify
Potions
 f - a potion of might
 i - a potion of heal wounds {unknown}
 j - a potion of haste
 m - a potion of flight
 o - a potion of berserk rage {unknown}
 q - a potion of ambrosia {unknown}
 s - a potion of mutation {unknown}


   Skills:
 + Level 4.9 Fighting
 + Level 6.0 Long Blades
 + Level 2.6 Armour
 + Level 3.4 Dodging
 + Level 0.1 Stealth


You had 4 spell levels left.
You didn't know any spells.
Your spell library was empty.

Dungeon Overview and Level Annotations

Branches:
Dungeon (3/15)

Altars:


Innate Abilities, Weirdness & Mutations

You reflexively headbutt those who attack you in melee.
You have a pair of horns on your head.


Message History

You struggle against the net.
A gnoll shaman comes into view. It is wielding a +0 club.
The gnoll hits you from afar with a +0 spear!
You struggle against the net.
The gnoll hits you with a +0 flail!
* * * LOW HITPOINT WARNING * * *
The gnoll hits you but does no damage.
The gnoll hits you from afar with a +0 spear!
* * * LOW HITPOINT WARNING * * *
You feel better. The gnoll hits you but does no damage.
The gnoll barely misses you. x2
You rip the net and break free!
The gnoll barely misses you. The gnoll closely misses you.
You furiously retaliate!
You headbutt the gnoll. The gnoll closely misses you. x2
The gnoll shaman calls upon its god to speed up the gnoll.
The gnoll seems to speed up.
The gnoll closely misses you.
The gnoll hits you from afar with a +0 spear!
* * * LOW HITPOINT WARNING * * *
There is a huge open gate here.
The gnoll hits you with a +0 flail!
You die...

#...........####
#...............
#..........######
####..........#.....
.........)†.........
≈≈≈≈≈≈≈≈≈....≈≈≈≈≈≈≈
≈≈≈≈≈≈≈≈≈....≈≈≈≈≈≈≈
≈≈≈≈≈≈≈≈≈....≈≈≈≈≈≈≈
...........g@.......
#########'ggg#######
.....#...g#......
.....'....'g.....
.....#....#......
#################


You could see 2 gnoll shamans and 4 gnolls.

Vanquished Creatures
  3 adders
  6 gnolls
  A white imp (D:2)
  2 oozes
  2 worms
  3 dart slugs
  2 leopard geckos
  2 orcs (D:3)
  9 goblins
  11 hobgoblins
  11 jackals
  A quokka (D:2)
  7 bats
  9 frilled lizards
  9 kobolds
  13 rats
91 creatures vanquished.

Notes
Turn   | Place    | Note
-------+----------+-------------------------------------------
     0 | D:1      | jmlagarto the Minotaur Berserker began the quest for the
                  | Orb.
     0 | D:1      | Reached XP level 1. HP: 19/19 MP: 0/0
   156 | D:1      | Reached skill level 4 in Long Blades
   156 | D:1      | Reached XP level 2. HP: 23/27 MP: 1/1
   233 | D:1      | Reached ** piety under Trog
   555 | D:1      | You fall into a shaft and drop 1 floor!
   564 | D:1      | Reached XP level 3. HP: 28/33 MP: 2/2
  1286 | D:2      | Reached XP level 4. HP: 17/41 MP: 3/3
  1394 | D:2      | Reached skill level 5 in Long Blades
  2158 | D:3      | Reached XP level 5. HP: 37/47 MP: 4/4
  2259 | D:3      | Reached *** piety under Trog
  2784 | D:3      | Reached skill level 6 in Long Blades
  2888 | D:3      | Mangled by a gnoll

Illustrated notes

Levels and vault maps discovered:
D:1:      mainiacjoe_arrival_reflecting_pool, layout_basic,
          minmay_misc_feat_doors, minmay_vboxes
D:2:      layout_loops_ring
D:3:      lemuel_castle_with_subvaults [lemuel_castle_interior_carwin_1],
          layout_rooms

Skill      XL: |  1  2  3  4  5 |
---------------+----------------+-----
Long Blades    | 4 5 6 |  6.0
Fighting       | 4 |  4.9
Dodging        | 3 |  3.4
Armour         | |  2.6
Stealth        | |  0.1

Action                   |  1- 3 |  4- 6 || total
-------------------------+-------+-------++-------
Melee: Falchion          |    96 |    76 ||   172
       Headbutt          |    10 |    16 ||    26
Invok: Berserk           |     1 |       ||     1
  Use: Scroll            |     3 |     4 ||     7
       Potion            |     5 |     1 ||     6
Armor: Animal skin       |    22 |    17 ||    39
       Skin              |    12 |       ||    12
Dodge: Dodged            |    67 |    70 ||   137
       Rpst.: Falchion   |    20 |    14 ||    34

Table legend: (Time is in decaauts)
 A = Elapsed time spent in this place.
 B = Non-inter-level travel time spent in this place.
 C = Inter-level travel time spent in this place.
 D = Time resting spent in this place.
 E = Time spent auto-exploring this place.
 F = Levels seen in this place.
 G = Mean time per level.
                   A        B        C        D        E       F      G
               +--------+--------+--------+--------+--------+-----+--------+
         Total |   2891 |   2891 |      0 |    100 |   2032 |   3 |  963.7 |
       Dungeon |   2891 |   2891 |      0 |    100 |   2032 |   3 |  963.7 |
               +--------+--------+--------+--------+--------+-----+--------+

Top non-repeatable levels by time:
     D:1: 1283 daAuts
     D:3: 843 daAuts
     D:2: 765 daAuts
